 Dungeon Crawl Stone Soup version 0.13-a0-3016-gcb2faac (webtiles) character file.

27347 M4edhros the Hoplite (level 13, -11/81 HPs)
             Began as an Octopode Death Knight on Sept 5, 2013.
             Was a High Priest of Yredelemnul.
             Mangled by a 11-headed hydra (13 damage)
             ... on Level 7 of the Lair of Beasts on Sept 10, 2013.
             The game lasted 01:02:46 (15998 turns).

M4edhros the Hoplite (Octopode Death Knight)       Turns: 15998, Time: 01:02:46

HP -11/81        AC  3     Str 14      XL: 13   Next: 24%
MP  19/19        EV 18     Int 19      God: Yredelemnul [*****.]
Gold 1082        SH 37     Dex 14      Spells:  3 memorised,  5 levels left

Res.Fire  : . . .   See Invis. : +   Y - +4,+8 sabre of Responsibility {freeze, MR+ Res.Cold : . . . Warding : . I - +0 large shield Life Prot.: . . . Conserve : . k - +2 wizard hat
Res.Poison: .       Res.Corr.  : +   A - amulet of resist corrosion
Res.Elec. : .       Clarity    : .   t - ring of regeneration
Sust.Abil.: . .     Spirit.Shd : .   q - ring of protection from magic
Res.Mut.  : .       Stasis     : .   U - ring of sustenance
Res.Rott. : .       Flight     : .   y - ring of sustenance
Saprovore : . . .                    m - ring of protection from magic
                                     f - +1 ring of intelligence
                                     (no ring)
                                     (no ring)

@: invisible (expiring), very slightly contaminated, incredibly resistant to
hostile enchantments, stealthy
A: almost no armour, amphibious, 8 rings, constrict 8, camouflage 1, berserk 1,
slow metabolism 1, fuming 1, AC +1, EV +2, Str +2
a: Animate Dead, Recall Undead Slaves, Injury Mirror, Drain Life, Enslave Soul,
Renounce Religion


You were on level 7 of the Lair of Beasts.
You worshipped Yredelemnul.
Yredelemnul was exalted by your worship.
You were very hungry.

You visited 2 branches of the dungeon, and saw 18 of its levels.
You also visited: Labyrinth, Sewer and Volcano.

You collected 1202 gold pieces.
You spent 140 gold pieces at shops.

Inventory:

Hand weapons
 b - a +2,+3 demon whip of distortion
 v - a +0 blowgun
 x - a +3,+0 lajatang of flaming
 E - a +3,+0 longbow of flame
 F - the +10,+11 dagger of Cataclysm (quivered) {stab, rN+ Str+2 SInv}
   (You found it in a labyrinth)

   It inflicts extra damage upon your enemies.
   It affects your strength (+2).
   It protects you from negative energy.
   It enhances your eyesight.
 Y - the +4,+8 sabre of Responsibility (weapon) {freeze, MR++ Dex+2 SInv}
   (You found it on level 1 of the Lair of Beasts)

   It has been specially enchanted to freeze those struck by it, causing extra
   injury to most foes and up to double damage against particularly susceptible
   opponents.
   It can also slow down cold-blooded creatures.
   It affects your dexterity (+2).
   It affects your resistance to hostile enchantments.
   It enhances your eyesight.
Missiles
 h - 2 curare-tipped needles
 w - 19 poisoned needles
Armour
 k - a +2 wizard hat (worn)
 C - a +0 buckler of fire resistance
 I - a +0 large shield (worn)
Magical devices
 a - a wand of polymorph (4)
 M - a wand of disintegration (7)
 N - a wand of invisibility (3)
 Q - a wand of lightning (2)
 V - a wand of fire (0)
Comestibles
 c - 8 bread rations
 H - a meat ration
 W - 6 royal jellies
Scrolls
 d - a scroll of remove curse {unknown}
 i - 3 scrolls of fog
 n - 2 scrolls of amnesia {unknown}
 o - a scroll of identify
 s - 7 scrolls of teleportation
 B - a scroll of random uselessness {unknown}
 O - 2 scrolls of fear
 Z - a scroll of summoning
Jewellery
 f - a +1 ring of intelligence (on tentacle)
 l - an uncursed ring of ice
 m - a ring of protection from magic (on tentacle)
 q - a ring of protection from magic (right tentacle)
 t - a ring of regeneration (left tentacle)
 y - a ring of sustenance (on tentacle)
 A - an amulet of resist corrosion (around mantle)
 U - a ring of sustenance (on tentacle)
Potions
 e - a potion of porridge
 g - a potion of resistance
 j - 3 potions of agility
 p - 2 potions of berserk rage
 r - 5 potions of curing
 u - a potion of might
 T - a potion of heal wounds
Books
 z - a book of Geomancy

   Spells                             Type                      Level
   Sandblast                          Earth                        1
   Stoneskin                          Transmutation/Earth          2
   Passwall                           Transmutation/Earth          3
   *Stone Arrow                       Conjuration/Earth            3
   Petrify                            Transmutation/Earth          4
   Lee's Rapid Deconstruction         Earth                        5
Miscellaneous
 J - a lamp of fire (inert)


   Skills:
 - Level 6.0 Fighting
   Level 11.9 Polearms
 - Level 10.6 Dodging
 * Level 14.0 Shields
 - Level 3.0 Invocations


You had 5 spell levels left.
You knew the following spells:

 Your Spells              Type           Power        Failure   Level  Hunger
a - Sublimation of Blood  Necr           #.........   89%         2    ###....
b - Corpse Rot            Necr           N/A          89%         2    ###....
c - Stone Arrow           Conj/Erth      #.....       99%         3    ####...


Dungeon Overview and Level Annotations

Branches:
Dungeon (11/27)            Temple (0/1) D:5             Orc (0/4) D:11
   Lair (7/8) D:11          Swamp (0/5) Lair:6       Spider (0/5) Lair:5
  Slime (0/6) Lair:6

Altars:
Kikubaaqudgha
Xom
Yredelemnul
Zin
Jiyva

Shops:
D:6 /   D:9 !   D:11 (

Annotations:
D:8 Psyche


Innate Abilities, Weirdness & Mutations

You cannot wear most types of armour.
You are amphibious.
You can wear up to eight rings at the same time.
You can use your tentacles to constrict many enemies at once.
Your skin changes colour to match your surroundings (Stlth).
Your rubbery body absorbs attacks (AC +1).
You are surrounded by a mild repulsion field (EV +2).
You tend to lose your temper in combat.
You have a slow metabolism.
Your muscles are strong. (Str +2)
You emit clouds of smoke.


Message History

You lop one of the ten-headed hydra's heads off!
The nine-headed hydra grows two more!
You slash the 11-headed hydra! You freeze the 11-headed hydra.
You squeeze the 11-headed hydra!
The 11-headed hydra is moderately wounded.
The 11-headed hydra completely misses you.
The 11-headed hydra closely misses you. You block the 11-headed hydra's attack.
You block the 11-headed hydra's attack. The 11-headed hydra misses you.
You block the 11-headed hydra's attack. The 11-headed hydra bites you!
The 11-headed hydra bites you!
* * * LOW HITPOINT WARNING * * *
The 11-headed hydra misses you. You block the 11-headed hydra's attack.
The sheep closely misses you. The 11-headed hydra bites you!
* * * LOW HITPOINT WARNING * * *
The 11-headed hydra closely misses you. You block the 11-headed hydra's attack.
The 11-headed hydra bites you!
* * * LOW HITPOINT WARNING * * *
The 11-headed hydra bites you!
You die...
Your body rises from the dead as a mindless zombie.

###...... #ff..>..
#....... #....... ## ##
#######.....#
##P###.####.##.##......
##.....#.#....f.....f.#.
.........................
#.......@#.##..Y.........
###..##.YD...#.#f........
........Y.?Y.YY.Y.....t.
.#.f...##...PP.####....t
#######.#Y###.# .....
#.#### ### ..... ...
..... ... ....f .## ....


You could see a 11-headed hydra and 6 sheep.

Vanquished Creatures
  A minotaur (Lab)
  Josephine (D:10)
  A catoblepas (Lair:4)
  A griffon (Lair:4)
  3 elephants (Lair:5)
  An item mimic (Lair:2)
  2 black mambas
  2 fire drakes
  The ghost of waldfee the Chiller, an experienced HEIE (D:5)
  2 two-headed ogres (Volcano)
  A giant leech (Lair:6)
  An orb spider (Lair:5)
  A slime creature (D:11)
  Prince Ribbit (D:5)
  11 blink frogs
  6 yaks
  A hog (Volcano)
  3 hippogriffs
  A hungry ghost (D:11)
  5 wolves
  4 ice beasts
  3 phantoms
  2 sky beasts
  3 porcupines (Lair:5)
  An ogre (D:6)
  3 centaurs
  2 giant slugs (Lair:3)
  4 water moccasins
  3 giant frogs
  3 crocodiles
  2 agate snails
  9 killer bees (D:11)
  A wight (D:6)
  4 crimson imps
  A goliath beetle (Lair:6)
  3 iguanas
  2 hounds
  5 orc priests
  4 worker ants
  11 orc wizards
  A mermaid (Sewer)
  2 sheep (Lair:7)
  A hound skeleton (D:9)
  4 giant centipedes
  A hound simulacrum (D:8)
  19 green rats
  13 adders
  A giant mite (Sewer)
  3 worms
  A giant eyeball (D:11)
  6 giant geckos
  2 oozes
  23 orcs
  4 ball pythons
  13 bats
  8 giant cockroaches
  7 grey rats (Sewer)
  11 hobgoblins
  13 jackals
  17 kobolds
  3 quokkas
  10 giant newts
  6 goblins
  A goblin zombie (D:5)
  A kobold skeleton (D:4)
  31 rats
  A rat zombie (D:3)
  A plant (Lab)
320 creatures vanquished.

Vanquished Creatures (collateral kills)
  Maud (Lair:3)
  Fannar (Lair:5)
  5 hydras
  A hill giant (D:11)
  3 elephants (Lair:5)
  2 griffons (Lair:3)
  2 black mambas
  3 spiny frogs
  A wandering mushroom (Lair:6)
  A polar bear (D:8)
  A fire drake (Lair:5)
  6 blink frogs
  A troll (D:10)
  7 komodo dragons
  A hydra skeleton (D:11)
  9 yaks
  A basilisk (Lair:6)
  A hill giant zombie (D:10)
  6 wolves
  2 hungry ghosts
  3 hippogriffs
  3 porcupines (Lair:1)
  2 orc warriors
  2 ice beasts (Lair:5)
  A phantom (D:5)
  2 wargs (D:11)
  A boring beetle (Lair:4)
  4 crocodiles
  A giant goldfish (D:8)
  2 sky beasts
  A big kobold (D:9)
  4 giant slugs
  11 giant frogs
  A wyvern zombie (D:7)
  7 agate snails
  6 water moccasins
  A hippogriff zombie (D:8)
  2 troll zombies
  2 killer bees (D:11)
  3 wights (D:6)
  4 crimson imps
  2 goliath beetles
  A giant frog zombie (D:10)
  An electric eel (D:8)
  3 hounds
  3 jellies (D:11)
  A basilisk skeleton (D:11)
  4 orc priests
  A siren (Sewer)
  4 orc wizards
  A troll simulacrum (D:8)
  An iguana (D:11)
  A worker ant (D:7)
  A mermaid (Sewer)
  A two-headed ogre skeleton (D:10)
  3 adders
  A giant centipede (Lair:4)
  17 green rats
  2 worms
  2 ufetubi (D:8)
  A grey rat (D:6)
  4 oozes (D:11)
  15 orcs
  9 bats
  A giant cockroach (Sewer)
  A hobgoblin (D:8)
  10 jackals
  4 kobolds
  5 quokkas
  2 giant newts
  A giant spore (D:10)
  An orc zombie (D:10)
  5 rats
  4 ballistomycetes
  2 fungi
233 creatures vanquished.

Vanquished Creatures (others)
  Erolcha (D:9)
  A flaming corpse (Lair:7)
  14 flying skulls
  A black mamba zombie (Lair:4)
  A wraith (Lair:2)
  A hog (Volcano)
  A freezing wraith (Lair:5)
  An orc warrior (Volcano)
  2 blink frog zombies (Lair:4)
  A fire drake zombie (Lair:2)
  An elephant zombie (Lair:5)
  A komodo dragon zombie (Lair:4)
  2 hippogriff zombies
  3 yak zombies
  2 wights (D:8)
  6 wolf zombies
  An orb spider zombie (Lair:5)
  3 centaur zombies
  2 water moccasin zombies
  A two-headed ogre zombie (Volcano)
  A giant frog zombie (Lair:5)
  2 porcupine zombies
  A crocodile zombie (Lair:5)
  A hound zombie (Lair:2)
  A goliath beetle zombie (Lair:6)
  A giant centipede zombie (Lair:3)
  3 bat zombies
  A bat (Lair:5)
  2 giant spores
  2 green rat zombies (Lair:2)
  A grey rat zombie (Sewer)
  9 jackal zombies
  A kobold (D:10)
  5 orc zombies
  3 quokka zombies
  A rat zombie (Lair:2)
  5 fungi
86 creatures vanquished.

Grand Total: 639 creatures vanquished

Notes
Turn   | Place    | Note
--------------------------------------------------------------
     0 | D:1      | M4edhros, the Octopode Death Knight, began the quest for the Orb.
     0 | D:1      | Reached XP level 1. HP: 14/14 MP: 2/2
   107 | D:1      | Reached XP level 2. HP: 10/19 MP: 4/4
   603 | D:1      | Reached XP level 3. HP: 15/24 MP: 5/5
   960 | D:2      | Acquired Yredelemnul's second power
  1107 | D:2      | Reached skill level 4 in Polearms
  1498 | D:3      | Reached XP level 4. HP: 30/30 MP: 7/7
  1616 | D:3      | Reached skill level 5 in Polearms
  1852 | D:3      | Reached XP level 5. HP: 35/35 MP: 8/8
  2692 | D:4      | Reached skill level 6 in Polearms
  2692 | D:4      | Reached XP level 6. HP: 34/40 MP: 10/10
  2773 | D:4      | Acquired Yredelemnul's third power
  2796 | D:4      | HP: 2/40 [poisoned by a kobold]
  3075 | D:4      | Noticed a phantom
  3122 | D:4      | Killed a phantom
  3390 | D:4      | Reached skill level 7 in Polearms
  3488 | D:4      | Found a basalt altar of Yredelemnul.
  3493 | D:4      | Found a glowing silver altar of Zin.
  3562 | D:5      | Entered Level 5 of the Dungeon
  3726 | D:5      | Noticed waldfee's ghost (experienced HEIE)
  3749 | D:4      | Reached XP level 7. HP: 21/45 MP: 11/11
  4049 | D:5      | Reached skill level 8 in Polearms
  4080 | D:5      | Noticed Prince Ribbit
  4117 | D:5      | Killed Prince Ribbit
  4183 | D:5      | Reached skill level 9 in Polearms
  4183 | D:5      | Reached XP level 8. HP: 36/51 MP: 13/13
  4263 | D:5      | Killed waldfee's ghost
  4314 | D:5      | Found a staircase to the Ecumenical Temple.
  4322 | D:5      | Reached skill level 10 in Polearms
  4332 | D:5      | Received a gift from Yredelemnul
  4860 | D:6      | Found Zeschush's Magical Wand Emporium.
  4866 | D:6      | Bought a wand of lightning (6) for 140 gold pieces
  4883 | D:6      | Received a gift from Yredelemnul
  4912 | D:6      | Found an ancient bone altar of Kikubaaqudgha.
  4932 | D:6      | Reached skill level 11 in Polearms
  4932 | D:6      | Reached XP level 9. HP: 36/55 MP: 14/14
  5124 | D:6      | Found a glowing drain.
  5139 | Sewer    | Entered a sewer
  5307 | Sewer    | Acquired Yredelemnul's fourth power
  6517 | D:8      | Received a gift from Yredelemnul
  6684 | D:8      | Noticed Psyche
  7050 | D:8      | Gained mutation: Your muscles are strong. (Str +2) [mutagenic meat]
  7051 | D:8      | Gained mutation: You tend to lose your temper in combat. [mutagenic meat]
  7052 | D:8      | Gained mutation: You emit clouds of smoke. [mutagenic meat]
  7575 | D:9      | Received a gift from Yredelemnul
  7607 | D:9      | Found Zyibul's Distillery.
  7625 | D:9      | Reached skill level 5 in Fighting
  7727 | D:9      | Noticed Erolcha
  7747 | D:9      | Reached skill level 5 in Dodging
  7747 | D:9      | Reached XP level 10. HP: 55/64 MP: 16/16
  7758 | D:9      | Killed Erolcha
  8271 | D:10     | Entered Level 10 of the Dungeon
  8301 | D:10     | Received a gift from Yredelemnul
  8407 | D:10     | Reached skill level 1 in Shields
  8418 | D:10     | Got a steaming short sword
  8419 | D:10     | Identified the +0,+6 short sword "Haluepluara" {freeze, +Fly Str+4} (You found it on level 10 of the Dungeon)
  8438 | D:10     | Learned a level 2 spell: Sublimation of Blood
  8443 | D:10     | Learned a level 2 spell: Corpse Rot
  8539 | D:10     | Gained mutation: You are surrounded by a mild repulsion field (EV +2). [mutagenic meat]
  8579 | D:10     | Found a shimmering altar of Xom.
  8809 | D:10     | Noticed Josephine
  8833 | D:10     | Killed Josephine
  9421 | D:11     | Found a staircase to the Orcish Mines.
  9614 | D:11     | Found Iseis' Antique Weapon Shop.
  9631 | D:11     | Noticed a hill giant
  9641 | D:11     | Killed a hill giant
  9664 | D:11     | Reached XP level 11. HP: 71/71 MP: 17/17
  9719 | D:11     | Found a staircase to the Lair.
  9762 | D:11     | Reached skill level 10 in Dodging
  9797 | D:11     | Received a gift from Yredelemnul
 10267 | Lair:1   | Entered Level 1 of the Lair of Beasts
 10385 | Lair:1   | Got a shimmering sabre
 10387 | Lair:1   | Got a slimy eveningstar
 10394 | Lair:1   | Identified the cursed -1,+2 eveningstar of Dividends {freeze, SInv} (You found it on level 1 of the Lair of Beasts)
 10395 | Lair:1   | Identified the +4,+8 sabre of Responsibility {freeze, MR++ Dex+2 SInv} (You found it on level 1 of the Lair of Beasts)
 10927 | Lair:2   | Noticed an eight-headed hydra
 10936 | Lair:2   | Killed a nine-headed hydra
 11034 | Lair:2   | Acquired Yredelemnul's fifth power
 11136 | Lair:2   | Noticed an eight-headed hydra
 11143 | Lair:2   | Killed an eight-headed hydra
 11143 | Lair:2   | Reached skill level 5 in Shields
 11322 | Lair:2   | Upgraded the game from 0.13-a0-2942-g3a822f8 to 0.13-a0-2979-gb6a86b3
 11731 | Lair:3   | Received a gift from Yredelemnul
 11861 | Lair:3   | Noticed Maud
 11871 | Lair:3   | Killed Maud
 11871 | Lair:3   | Reached XP level 12. HP: 58/77 MP: 16/18
 12459 | Lair:4   | Found a labyrinth entrance.
 12472 | Lab      | Entered a labyrinth
 13165 | Lab      | Noticed a minotaur
 13177 | Lab      | Killed a minotaur
 13177 | Lab      | Reached skill level 10 in Shields
 13194 | Lab      | Identified Sefahaly's Almanac of the Supportive Frostbite
 13200 | Lab      | Identified the Collected Works on Assistive Execration
 13201 | Lab      | Got a warped dagger
 13463 | Lair:4   | Noticed a six-headed hydra
 13472 | Lair:4   | Killed an eight-headed hydra
 13561 | Lair:4   | Upgraded the game from 0.13-a0-2979-gb6a86b3 to 0.13-a0-3016-gcb2faac
 13586 | Lair:4   | Received a gift from Yredelemnul
 13627 | Lair:4   | Noticed a seven-headed hydra
 13634 | Lair:4   | Killed a seven-headed hydra
 13649 | Lair:4   | Reached skill level 12 in Shields
 13988 | Lair:5   | Identified the +10,+11 dagger of Cataclysm {stab, rN+ Str+2 SInv} (You found it in a labyrinth)
 14159 | Lair:5   | Noticed Fannar
 14162 | Lair:5   | Found a hole to the Spider Nest.
 14463 | Lair:5   | Killed Fannar
 14621 | Lair:5   | Received a gift from Yredelemnul
 14624 | Lair:5   | Reached skill level 13 in Shields
 14624 | Lair:5   | Reached XP level 13. HP: 47/81 MP: 19/19
 14861 | Lair:6   | Gained mutation: You have a slow metabolism. [potion of beneficial mutation]
 14903 | Lair:6   | Found a dark tunnel.
 14910 | Volcano  | Entered a volcano
 15316 | Lair:6   | Found a staircase to the Swamp.
 15403 | Lair:6   | Learned a level 3 spell: Stone Arrow
 15515 | Lair:6   | Found a staircase to the Slime Pits.
 15515 | Lair:6   | Found a viscous altar of Jiyva.
 15847 | Lair:6   | Reached skill level 14 in Shields
 15998 | Lair:7   | HP: 2/81 [11-headed hydra (11)]
 15998 | Lair:7   | Mangled by a 11-headed hydra

Action                   |  1- 3 |  4- 6 |  7- 9 | 10-12 | 13-15 || total
-------------------------+-------+-------+-------+-------+-------++-------
Melee: Spear             |    92 |   177 |   464 |   322 |       ||  1055
       Sabre             |       |       |       |   354 |    74 ||   428
 Fire: Blowgun           |       |       |    10 |     2 |       ||    12
 Cast: Corpse Rot        |       |       |       |    12 |       ||    12
Invok: Animate Dead      |       |       |    11 |    41 |     9 ||    61
       Recall Undead Sla |       |       |       |     5 |     4 ||     9
       Injury Mirror     |       |       |       |       |     1 ||     1
Evoke: Wand              |       |       |     1 |    18 |     9 ||    28
       Miscellaneous     |       |       |       |     1 |       ||     1
  Use: Potion            |     1 |     9 |     8 |     6 |     4 ||    28
       Scroll            |       |       |    14 |    14 |     3 ||    31
 Stab: Sleeping          |     7 |     5 |    16 |     8 |       ||    36
       Distracted        |       |       |     5 |    10 |     1 ||    16
       Invisible         |       |       |       |     1 |     1 ||     2
